 Dungeon Crawl Stone Soup version 0.32-a0-918-g0f22ef8d61 (webtiles) character file.

Game seed: 17379540038348913456

1766900 Ge0ff the Shapeless Gargoyle (level 27, 179/183 HPs)
             Began as a Gargoyle Shapeshifter on Apr 9, 2024.
             Was a High Priest of Beogh.
             Escaped with the Orb
             ... and 3 runes on Apr 10, 2024!
             The game lasted 03:30:49 (64121 turns).

Ge0ff the Shapeless Gargoyle (GrSh)                Turns: 64121, Time: 03:30:50

Health: 179/183    AC: 36    Str: 30      XL:     27
Magic:  31/33      EV: 15    Int: 16      God:    Beogh [*****.]
Gold:   355        SH: 17    Dex: 10 (11) Spells: 24/26 levels left

rFire   + .          .
                       - Unarmed
rCold   + . .        G - +5 Storm Queen's Shield {shock, Fly rElec}
rNeg    + + .        D - melded +3 leather armour "Ylyxkin" {Regen+ Int+4 Stlth+}
rPois   ∞            m - +2 helmet {SInv}
rElec   +            E - +4 dragonskin cloak {Aegis}
rCorr   +            Q - +2 pair of gloves
SInv    +            i - +1 pair of boots of Impatience {rPois rF+ rC+ Int+3}
Will    +++..        Y - amulet "Isay" {rElec rN+ Regen+ SInv}
Stlth   +            w - ring of willpower
HPRegen 1.30/turn    b - ring "Ivvamm" {rCorr Str+6 SInv}
MPRegen 0.23/turn

%: clarity
@: maw-form, flying, studying 2 skills
A: devouring maw, flying, walk on water, sickness immunity, AC +20, big wings,
negative energy resistance 1, electricity resistance, torment resistance 1,
petrification resistance, talons 2, iridescent scales 1, clarity, clumsy 1,
shaggy fur 1, weak 1
0: Orb of Zot
}: 3/15 runes: serpentine, barnacled, silver
a: Begin Untransformation, Renounce Religion, Smiting, Recall Apostles, Blood
for Blood, Dismiss Borgoth, priest, Dismiss Orbeogh, warrior, Dismiss Arbeogh,
warrior


You escaped.
You worshipped Beogh.
Beogh was extremely pleased with you.
You were a creature with a mouth for a stomach.
You visited 10 branches of the dungeon, and saw 48 of its levels.
You visited the Abyss 1 time.
You visited 1 bazaar.
You also visited: Trove, Ice Cave, Volcano and Desolation.

You collected 7649 gold pieces.
You spent 7294 gold pieces at shops.

Inventory:

Missiles
 c - 38 boomerangs (quivered)
 e - 18 silver javelins
 g - 4 throwing nets {=F}
 h - 15 javelins
 v - 29 curare-tipped darts {=F}
 I - a dart of dispersal
Armour
 i - the +1 pair of boots of Impatience (worn) {rPois rF+ rC+ Int+3}
   (You bought it in a shop on level 2 of the Orcish Mines)

   Int+3:     It affects your intelligence (+3).
   rF+:       It protects you from fire.
   rC+:       It protects you from cold.
   rPois:     It protects you from poison.
 m - a +2 helmet of see invisible (worn)
 r - a +2 cloak of willpower
 D - the +3 leather armour "Ylyxkin" (melded) {Regen+ Int+4 Stlth+}
   (You found it in the Desolation of Salt)

   Int+4:     It affects your intelligence (+4).
   Regen+:    It increases your rate of health regeneration.
   Stlth+:    It makes you more stealthy.
 E - the +4 dragonskin cloak (worn) {Aegis}
   (You took it off Tiamat on level 4 of the Realm of Zot)

   Avatar's Aegis: It grants the wearer a chance to resist fire, cold, poison,
   electricity, acid, and negative energy.
 G - the +5 Storm Queen's Shield (worn) {shock, Fly rElec}
   (You found it on level 14 of the Dungeon)

   Shock:     When it blocks an attack, it may electrocute the attacker.
   This works even against foes who are a short distance away.
   rElec:     It insulates you from electricity.
   Fly:       It grants you flight.
 Q - a +2 pair of gloves (worn)
Jewellery
 b - the ring "Ivvamm" (right hand) {rCorr Str+6 SInv}
   (You took it off a deep elf sorcerer on level 3 of the Elven Halls)

   [ring of strength]

   Str+6:     It affects your strength (+6).
   SInv:      It lets you see invisible.
   rCorr:     It protects you from acid and corrosion.
 w - a ring of willpower (left hand)
 x - the amulet "Voorial" {Reflect Str+5 Int+3 SH+5}
   (You found it in the Desolation of Salt)

   [amulet of reflection]

   Reflect:   It reflects blocked missile attacks.
   Str+5:     It affects your strength (+5).
   Int+3:     It affects your intelligence (+3).
   SH+5:      It affects your SH (+5).
 L - the amulet "Xewky" {Spirit Harm rN+ Regen+}
   (You found it in a treasure trove)

   [amulet of guardian spirit]

   Spirit:    It causes incoming damage to be divided between your reserves of
   health and magic.
   rN+:       It protects you from negative energy.
   Regen+:    It increases your rate of health regeneration.
   Harm:      It increases damage dealt and taken.
 Y - the amulet "Isay" (around neck) {rElec rN+ Regen+ SInv}
   (You bought it in a shop on level 3 of the Snake Pit)

   [amulet of regeneration]

   rElec:     It insulates you from electricity.
   rN+:       It protects you from negative energy.
   SInv:      It lets you see invisible.
   Regen+:    It increases your rate of health regeneration.
Talismans
 a - a maw talisman (active)
 f - a dragon-blood talisman
Wands
 d - a wand of digging (3)
 j - a wand of quicksilver (16)
 k - a wand of iceblast (26)
 p - a wand of paralysis (13)
 s - a wand of mindburst (34)
 P - a wand of polymorph (8)
Scrolls
 y - 10 scrolls of immolation
 B - 5 scrolls of blinking
 C - 7 scrolls of poison
 F - 2 scrolls of fog
 J - a scroll of silence {!r}
 T - 9 scrolls of teleportation
 V - 3 scrolls of vulnerability
Potions
 o - 8 potions of ambrosia
 q - 12 potions of curing
 u - 4 potions of mutation {!q}
 z - 16 potions of brilliance
 A - 3 potions of attraction
 K - 5 potions of magic {!q}
 M - a potion of might
 N - 5 potions of cancellation {!q}
 W - 3 potions of heal wounds {!q}
 X - 2 potions of enlightenment
 Z - 5 potions of berserk rage {!q}
Miscellaneous
 l - a lightning rod (2/4)
 n - a phial of floods
 t - a tin of tremorstones (2/2)
 O - a box of beasts (inert)
 U - a phantom mirror (inert)


   Skills:
 + Level 21.6 Fighting
 - Level 1.0 Armour
 + Level 12.9 Dodging
 + Level 7.2 Stealth
 - Level 15.0 Shields
 - Level 20.0 Unarmed Combat
 + Level 13.4 Invocations
 + Level 10.5 Evocations
 O Level 27 Shapeshifting


You had 24 spell levels left.
You knew the following spells:

 Your Spells              Type           Power      Damage    Failure   Level
B - Blink                 Tloc           0%         N/A       45%         2

Your spell library contained the following spells:

 Spells                   Type           Power      Damage    Failure   Level
 Freeze                   Ice            0%         1d3       34%         1
 Kiss of Death            Conj/Necr      0%         2d5       34%         1
 Magic Dart               Conj           0%         1d3       34%         1
 Sandblast                Erth           0%         2d4       34%         1
 Shock                    Conj/Air       0%         1d3       34%         1
 Slow                     Hex            0%         N/A       34%         1
 Sting                    Conj/Alch      0%         1d3       34%         1
 Summon Small Mammal      Summ           0%         N/A       34%         1
 Call Imp                 Summ           0%         N/A       45%         2
 Lesser Beckoning         Tloc           0%         N/A       45%         2
 Mercury Vapours          Alch/Air       0%         N/A       45%         2
 Momentum Strike          Conj/Tloc      0%         3d8       45%         2
 Scorch                   Fire           0%         2d5       45%         2
 Static Discharge         Conj/Air       0%         3-3/arc   45%         2
 Call Canine Familiar     Summ           0%         N/A       71%         3
 Confusing Touch          Hex            0%         N/A       71%         3
 Frozen Ramparts          Ice            0%         1d1       71%         3
 Fugue of the Fallen      Necr           0%         N/A       71%         3
 Hailstorm                Conj/Ice       0%         3d5       71%         3
 Inner Flame              Hex/Fire       0%         N/A       71%         3
 Mephitic Cloud           Conj/Alch/Air  0%         N/A       71%         3
 Sigil of Binding         Hex            0%         N/A       71%         3
 Stone Arrow              Conj/Erth      0%         3d7       71%         3
 Summon Ice Beast         Ice/Summ       0%         N/A       71%         3
 Swiftness                Air            0%         N/A       71%         3
 Tukima's Dance           Hex            0%         N/A       71%         3
 Vampiric Draining        Necr           0%         2d6       71%         3
 Volatile Blastmotes      Fire/Tloc      0%         2d10      71%         3
 Airstrike                Air            0%         2d(0-16)  98%         4
 Animate Armour           Summ/Erth      0%         N/A       98%         4
 Animate Dead             Necr           0%         N/A       98%         4
 Brom's Barrelling Bould  Conj/Erth      0%         2d3       98%         4
 Cause Fear               Hex            0%         N/A       98%         4
 Dimensional Bullseye     Hex/Tloc       0%         N/A       98%         4
 Dispel Undead            Necr           0%         3d6       98%         4
 Flame Wave               Conj/Fire      0%         2d4       98%         4
 Fulminant Prism          Conj/Alch      0%         3d5       98%         4
 Ignite Poison            Fire/Alch      0%         N/A       98%         4
 Iskenderun's Mystic Bla Conj/Tloc 0%             2d3        (+2d1     98%         4
 Leda's Liquefaction      Alch/Erth      0%         N/A       98%         4
 Martyr's Knell           Necr/Summ      0%         N/A       98%         4
 Olgreb's Toxic Radiance  Alch           0%         N/A       98%         4
 Passage of Golubria      Tloc           0%         N/A       98%         4
 Petrify                  Alch/Erth      0%         N/A       98%         4
 Sticky Flame             Fire/Alch      0%         2d4       98%         4
 Summon Blazeheart Golem  Fire/Summ      0%         N/A       98%         4
 Summon Lightning Spire   Summ/Air       0%         N/A       98%         4
 Vhi's Electric Charge    Tloc/Air       0%         N/A       98%         4
 Alistair's Intoxication  Alch           0%         N/A       100%        5
 Arcjolt                  Conj/Air       0%         1d10      100%        5
 Borgnjor's Vile Clutch   Necr/Erth      0%         N/A       100%        5
 Curse of Agony           Necr           0%         N/A       100%        5
 Fireball                 Conj/Fire      0%         3d3       100%        5
 Freezing Cloud           Conj/Ice/Air   0%         6-21      100%        5
 Iskenderun's Battlesphe  Conj           0%         2d6       100%        5
 Lee's Rapid Deconstruct  Erth           0%         3d4*      100%        5
 Metabolic Englaciation   Hex/Ice        0%         N/A       100%        5
 Silence                  Hex/Air        0%         N/A       100%        5
 Summon Forest            Summ/Tloc      0%         N/A       100%        5
 Summon Mana Viper        Hex/Summ       0%         N/A       100%        5
 Yara's Violent Unravell  Hex/Alch       0%         3d3       100%        5
 Conjure Ball Lightning   Conj/Air       0%         3x3d6     100%        6
 Death Channel            Necr           0%         N/A       100%        6
 Eringya's Noxious Bog    Alch           0%         4d6       100%        6
 Permafrost Eruption      Ice/Erth       0%         2x4d1     100%        6
 Sculpt Simulacrum        Ice/Alch       0%         N/A       100%        6
 Starburst                Conj/Fire      0%         6d3       100%        6
 Summon Cactus Giant      Summ           0%         N/A       100%        6
 Haunt                    Necr/Summ      0%         N/A       100%        7
 Orb of Destruction       Conj           0%         9d5       100%        7
 Ozocubu's Refrigeration  Ice            0%         4d7       100%        7
 Spellforged Servitor     Conj/Summ      0%         N/A       100%        7
 Summon Hydra             Summ           0%         N/A       100%        7
 Discord                  Hex            0%         N/A       100%        8
 Ignition                 Fire           0%         3d3       100%        8
 Infestation              Necr           0%         N/A       100%        8
 Lehudib's Crystal Spear  Conj/Erth      0%         10d2      100%        8
 Chain Lightning          Conj/Air       0%         N/A       100%        9
 Dragon's Call            Summ           0%         N/A       100%        9
 Fire Storm               Conj/Fire      0%         5d1       100%        9
 Polar Vortex             Ice            0%         N/A       100%        9
 Cigotuvi's Dreadful Rot  Necr/Alch/Air  Unusable   N/A       N/A         2
 Sublimation of Blood     Necr           Unusable   N/A       N/A         2

Dungeon Overview and Level Annotations

Branches:
Dungeon (15/15)            Temple (1/1) D:7            Lair (5/5) D:9
 Shoals (4/4) Lair:2        Snake (4/4) Lair:2        Slime (0/5) Lair:4
    Orc (2/2) D:10            Elf (3/3) Orc:2        Vaults (5/5) D:14
  Crypt (0/3) Vaults:2     Depths (4/4) D:15            Zot (5/5) Depths:4
  IceCv (visited)         Volcano (visited)         Desolation (visited)

Altars:
Ashenzari
Cheibriados
Dithmenos
Elyvilon
Fedhas
Gozag
Hepliaklqana
Kikubaaqudgha
Makhleb
Nemelex Xobeh
Okawaru
Qazlal
Ru
Sif Muna
Trog
Uskayaw
Vehumet
Wu Jian
Xom
Yredelemnul
Zin
The Shining One
Beogh
Lugonu

Shops:
D:4 =   D:12 !   Orc:1 (   Orc:2 :*[(   Elf:2 (   Shoals:1 *   Snake:3 :==
Vaults:3 (   Vaults:4 =[   Depths:2 [

Portals:
Hell: Depths:1 Depths:2 Depths:3 Depths:4
Abyss: Depths:3 Depths:4
Pandemonium: Depths:2
Ziggurat: Depths:4


Innate Abilities, Weirdness & Mutations

You are a creature with a mouth for a stomach.
Your midsection houses a second, enormous mouth.
You are flying.
You can walk on water.
Your facial features are unmistakably orcish.
You are immune to sickness and miasma.
Your stone body is resilient. (AC +20)
You are immune to poison.
Your large and strong wings let you fly.
You resist negative energy. (rN+)
You are resistant to electric shocks. (rElec)
You are resistant to unholy torment.
You are immune to petrification.
You have razor-sharp toenails.
You are partially covered in iridescent scales. (AC +2)
You possess an exceptional clarity of mind.
You are clumsy. (Dex -2)
You are covered in fur. (AC +1)
You are weak. (Str -2)


Message History

The lich is destroyed!
Beogh accepts your kill. You block the orange demon's attack.
Your shield discharges, shocking the orange demon!
The ynoxinul gestures at you. You block the iron shot.
You feel your dexterity returning.
Orbeogh throws a javelin.
The javelin pierces through the orange demon!!
The orange demon dies!
Beogh accepts your kill.
Arbeogh barely misses the ynoxinul.
Arbeogh hits the ufetubus with the +6 war axe "Uprul Cepp"!
The ufetubus dies!
The ufetubus disappears in a puff of smoke!
Itzuhust conjures an orb of pure magic.
An orb of destruction comes into view.
Orbeogh roars a battlecry!
Arbeogh goes into a battle-frenzy!
Itzuhust gestures at you.
The orb of electricity explodes!
The orb of electricity engulfs you. You resist.
The orb of electricity engulfs Orbeogh!!
Something hits Arbeogh.
Arbeogh throws a boomerang.
The boomerang hits Itzuhust!!
There is an open door here.
Orbeogh throws a javelin.
The javelin pierces through Itzuhust but does no damage.
You block the orb of destruction.
The orb of destruction dissipates.
Arbeogh hits Itzuhust with the +6 war axe "Uprul Cepp"!
Arbeogh hits something with the +6 war axe "Uprul Cepp"!!!
Beogh accepts your kill.
You feel a bit more experienced. Itzuhust gestures at you.
The orb of electricity explodes!
The orb of electricity engulfs Arbeogh!!!
The orb of electricity engulfs Itzuhust!!!
The orb of electricity engulfs Orbeogh!!
Orbeogh is engulfed in blazing flames.
Orbeogh completely misses Itzuhust.
Arbeogh hits Itzuhust with the +6 war axe "Uprul Cepp".
Itzuhust conjures a glowing orb.
The wavering orb of destruction weakly hits Arbeogh.
There is a staircase leading out of the dungeon here.
Use which ability? (? or * to list) Arbeogh is recalled.
Orbeogh is recalled.
Itzuhust conjures a glowing orb.
An orb of destruction comes into view.
Orbeogh throws a javelin.
The javelin pierces through Itzuhust!
The orb of destruction hits a rock wall.
You have escaped!

####.......######......#
##......##.)†..........#
........######.........#
##.>....######.##......#
##..........##+###'##..#
#........##.#≈.≈≈≈.≈#.##
>...........#≈≈.≈.≈≈#.#
##..........#≈≈o..≈≈#.#
##............≈.Wo≈...#
#.......###.#≈§...≈≈#.###
..##.##.# #.#≈≈.≈.≈≈#...#
###..##.###.#≈.≈≈≈.≈#.#.#
.##.###.#.3.##☼###+##.#.#
.##.....#.#o○&☼.....#.#.#
..#..##...#☼°☼§.....#...#
#.......##°°###.######..#
##..####.☼°°....######..###


You could see Itzuhust (clouds, ally target), the friendly Arbeogh the orc
apostle (strong) and the friendly Orbeogh the orc apostle (strong).

Vanquished Creatures
  2 dread liches
  An ancient lich (Zot:5)
  8 orbs of fire (Zot:5)
  Boris (twice) (Vaults:3 Depths:3)
  2 caustic shrikes (Depths:4)
  Saint Roka (Vaults:1)
  3 Killer Klowns
  8 golden dragons
  2 curse toes
  Norris (Depths:2)
  3 electric golems
  2 doom hounds (Zot:3)
  Jorgrun (Orc:2)
  Zenata (Vaults:3)
  A walking crystal tome (Depths:1)
  2 liches
  7 tentacled monstrosities
  15 Orb Guardians
  4 quicksilver dragons
  3 titans (Vaults:5)
  2 deep elf blademasters (Elf:3)
  Polyphemus (Shoals:3)
  2 deep elf master archers (Elf:3)
  10 sphinxes
  4 death cobs
  An Executioner (Zot:3)
  7 shadow dragons
  2 tengu reavers
  8 storm dragons
  8 fire giants
  11 draconian monks
  Kirke (Lair:3)
  3 protean progenitors
  A nagaraja (Snake:4)
  Ilsuiw (Shoals:2)
  9 draconian knights
  5 frost giants
  A daeva (Depths:2)
  3 draconian shifters
  3 ghost moths
  8 vault wardens
  7 deep elf sorcerers (Elf:3)
  A balrug (Depths:2)
  2 draconian scorchers
  A reaper (D:1)
  6 draconian stormcallers
  A deep elf elementalist (Elf:3)
  2 orc warlords
  3 draconian annihilators
  A formless jellyfish (Vaults:1)
  An angel (D:7)
  11 ironbound preservers
  8 deep elf demonologists
  6 very ugly things
  3 ironbound thunderhulks
  4 stone giants
  A demonspawn blood saint (Depths:2)
  A quicksilver ooze (Zot:2)
  2 vampire knights (Depths:2)
  8 green draconians
  An eleionoma (Zot:2)
  4 deep elf death magi
  7 black draconians
  11 red draconians
  A halazid warlock (Desolation)
  4 war gargoyles
  14 dire elephants
  11 spark wasps
  7 yellow draconians
  6 deep elf annihilators (Elf:3)
  8 white draconians
  An eidolon (Depths:1)
  6 purple draconians
  A blizzard demon (Depths:2)
  7 ettins
  5 deep elf high priests (Elf:3)
  3 crystal guardians
  A ragged hierophant (Desolation)
  6 ice dragons
  An entropy weaver (shapeshifter) (Elf:2)
  2 merfolk javelineers
  6 merfolk impalers
  5 yaktaur captains
  5 fire dragons
  4 rakshasas
  A hydra (D:15)
  An ogre mage (Vaults:5)
  4 servants of whispers (Desolation)
  4 spriggan air magi
  2 salamander tyrants
  11 vault guards
  7 peacekeepers
  8 ironbound frosthearts
  2 great orbs of eyes
  A hell beast (Zot:1)
  9 centaur warriors
  A merfolk avatar (Shoals:2)
  14 anacondas
  6 satyrs
  8 two-headed ogres
  A merfolk aquamancer (Shoals:1)
  3 catoblepae
  15 dancing weapons
  4 boulder beetles
  A demonic crawler (D:15)
  2 deep troll shamans
  11 death yaks
  3 spriggan berserkers
  4 shock serpents
  An alligator snapping turtle (Shoals:1)
  4 hell hogs
  3 deep troll earth magi
  A vampire mage (Depths:2)
  2 tengu warriors
  6 naga warriors
  2 orc high priests (Orc:2)
  8 naga sharpshooters
  6 hell knights
  10 deep elf knights
  An orc apostle (Lair:3)
  4 sun demons
  3 salamander mystics
  2 sixfirhies
  A titan skeleton (Vaults:3)
  4 iron trolls
  6 skysharks
  25 deep trolls
  3 deep elf archers
  A quicksilver dragon simulacrum (Zot:4)
  A deep troll (shapeshifter) (D:15)
  A swamp dragon (Zot:2)
  14 sea snakes
  4 glowing orange brains
  An orb spider (Zot:4)
  6 arcanists
  6 mana vipers
  A thermic dynamo (Elf:1)
  5 naga ritualists (Snake:4)
  21 ironbound convokers
  4 phantasmal warriors
  An orc knight (Orc:2)
  An obsidian bat (Orc:1)
  14 deep elf zephyrmancers
  15 lindwurms
  15 harpies
  8 manticores
  19 ugly things
  21 deep elf pyromancers
  8 fauns
  6 cyclopes
  3 orc sorcerers
  12 salamanders
  A tengu skeleton (Vaults:4)
  8 naga magi
  22 moths of wrath
  13 vault sentinels
  7 elephants
  Joseph (D:7)
  3 ice statues
  An eye of devastation (shapeshifter) (Depths:3)
  A molten gargoyle (Desolation)
  9 merfolk sirens
  2 water nymphs
  15 black mambas
  4 guardian serpents
  2 gargoyles
  2 unseen horrors
  9 cane toads
  8 komodo dragons
  A hellion (Depths:2)
  17 yaktaurs
  A tengu conjurer (Depths:4)
  A ghost moth simulacrum (Zot:4)
  An ice devil (Zot:5)
  4 trolls
  18 merfolk
  A merfolk (shapeshifter) (Depths:4)
  A queen bee (D:11)
  A troll (shapeshifter) (D:14)
  3 red devils
  2 polar bears (Lair:4)
  5 hornets
  2 jumping spiders (Vaults:5)
  2 wind drakes
  17 saltlings (Desolation)
  5 snapping turtles
  A glass eye (shapeshifter) (Vaults:5)
  Prince Ribbit (D:6)
  A raiju (D:14)
  2 dream sheep (Shoals:2)
  4 blink frogs
  A frost giant simulacrum (Vaults:4)
  2 snapping turtles (shapeshifter)
  19 slime creatures
  Sigmund (D:2)
  A centaur simulacrum (D:15)
  2 shadows
  2 small abominations
  2 air elementals
  2 wyverns
  5 wraiths
  4 humans (Lair:3)
  12 water elementals
  A fire bat (Volcano)
  27 yaks
  Eustachio (D:4)
  6 basilisks
  7 spriggans
  2 fire elementals
  2 steam dragons
  4 vampire mosquitoes
  7 redbacks
  A hog (Lair:3)
  3 wargs
  Menkaure (D:7)
  30 nagas
  An acid dragon (D:14)
  A harpy simulacrum (IceCv)
  6 water moccasins
  2 hell hounds (Volcano)
  2 human skeletons
  10 orc warriors
  A laughing skull (D:15)
  An ice beast (D:6)
  A wolf (Lair:5)
  4 sky beasts
  3 black bears
  5 centaurs
  8 ogres
  7 boggarts
  A phantom (D:4)
  3 kobold brigands
  2 gnoll sergeants
  9 bullfrogs
  3 scorpions
  3 wights (D:7)
  34 killer bees
  An elephant simulacrum (IceCv)
  9 electric eels
  4 howler monkeys (D:8)
  3 bombardier beetles
  7 orc priests
  4 hounds
  A gnoll bouda (D:9)
  4 jellies
  A sleepcap (D:6)
  9 orc wizards
  Natasha (thrice) (D:2)
  4 iguanas
  2 hell rats (D:8)
  14 gnolls
  9 adders
  A shadow imp (D:7)
  3 white imps
  4 ribbon worms
  4 dart slugs
  20 orcs
  5 endoplasms
  2 giant cockroaches
  4 goblins
  3 hobgoblins
  4 jackals (D:2)
  A quokka (D:1)
  A training dummy (Elf:2)
  7 ball pythons
  3 bats
  2 frilled lizards
  20 kobolds
  3 rats
  An aspiring flesh (Zot:4)
  A spectral weapon (Vaults:3)
  4 tentacles (Shoals:1)
1378 creatures vanquished.

Vanquished Creatures (collateral kills)
  An ancient lich (Zot:5)
  2 dread liches
  Tiamat (Zot:4)
  An orb of fire (Zot:5)
  Mennas (Vaults:3)
  Vv (Zot:4)
  Josephina (Zot:4)
  The ghost of Konar the Portalist, a veteran CoHu of Okawaru (Elf:3)
  2 Killer Klowns (Zot:1)
  A curse toe (Zot:1)
  2 caustic shrikes (Depths:4)
  Nikola (Shoals:3)
  7 golden dragons
  11 tentacled monstrosities
  A walking crystal tome (Depths:1)
  A deep elf blademaster (Elf:3)
  An Ice Fiend (D:6)
  3 liches
  The ghost of Odausch the Lord of Darkness, an adept DsNe of Kikubaaqudgha (Snake:2)
  Grunn (Zot:3)
  10 Orb Guardians (Zot:5)
  A sphinx (Vaults:4)
  3 titans
  3 quicksilver dragons
  A deep elf master archer (Elf:3)
  Gastronok (Lair:2)
  Asterion (Vaults:3)
  6 death cobs
  A kraken (Shoals:1)
  Donald (Shoals:4)
  5 storm dragons
  Aizul (Shoals:3)
  4 shadow dragons
  A protean progenitor (Zot:2)
  5 tengu reavers
  4 nagarajas (Snake:4)
  2 fire giants
  5 frost giants
  7 draconian monks
  3 draconian shifters
  4 draconian knights
  5 draconian scorchers
  An imperial myrmidon (Desolation)
  5 vault wardens
  4 deep elf sorcerers (Elf:3)
  A spriggan defender (Depths:4)
  2 deep elf elementalists (Elf:3)
  A balrug (D:6)
  6 ironbound preservers
  4 orc warlords
  A draconian annihilator (Zot:2)
  7 stone giants
  4 very ugly things
  The ghost of Nelug the Black Belt, a journeyman OpSh of Wu Jian (Lair:4)
  A quicksilver ooze (Zot:2)
  2 draconian stormcallers
  A green draconian (Zot:2)
  3 ironbound thunderhulks (Vaults:1)
  2 deep elf death magi (Elf:3)
  6 black draconians
  A vampire knight (Depths:4)
  10 dire elephants
  3 white draconians
  2 deep elf annihilators (Elf:3)
  7 purple draconians
  3 yellow draconians
  4 red draconians (Zot:1)
  2 war gargoyles (Vaults:2)
  4 spark wasps
  3 merfolk javelineers
  A halazid warlock (Desolation)
  Snorg (D:11)
  A ragged hierophant (Desolation)
  2 crystal guardians
  8 ettins
  3 entropy weavers
  2 servants of whispers (Desolation)
  2 fire dragons (Depths:2)
  4 yaktaur captains
  3 great orbs of eyes (Vaults:4)
  18 vault guards
  3 deep elf high priests (Elf:3)
  An ice dragon (Depths:2)
  3 merfolk avatars
  2 peacekeepers (Desolation)
  3 ironbound frosthearts
  3 rakshasas
  2 ogre magi
  A hell beast (Depths:1)
  6 anacondas
  5 spriggan air magi
  The ghost of Vorozum the Toxicologist, a journeyman CoAl of Hepliaklqana (D:11)
  5 boulder beetles
  2 catoblepae
  3 hydras
  5 centaur warriors
  A merfolk aquamancer (Shoals:4)
  14 dancing weapons
  2 satyrs (Shoals:4)
  4 tengu warriors
  5 two-headed ogres
  A deep troll shaman (Depths:3)
  3 spriggan berserkers
  3 death yaks
  9 naga sharpshooters
  2 occultists
  6 naga warriors
  Urug (Lair:5)
  4 hell knights (Depths:2)
  11 deep elf knights
  4 skysharks
  2 shadow wraiths (Vaults:5)
  6 salamander mystics
  9 sea snakes
  4 deep elf archers
  3 iron trolls
  A skyshark (shapeshifter) (Vaults:2)
  6 mana vipers (Snake:4)
  2 orb spiders (Zot:4)
  5 arcanists
  A glowing orange brain (Abyss:2)
  5 lindwurms
  2 naga ritualists (Snake:4)
  13 deep trolls
  2 swamp dragons (Zot:2)
  An obsidian bat (Orc:1)
  22 harpies
  11 deep elf zephyrmancers
  3 phantasmal warriors (Vaults:5)
  9 ironbound convokers
  6 orc knights
  5 necromancers
  An orc sorcerer (Orc:2)
  7 deep elf pyromancers
  12 ugly things
  A stone giant zombie (Vaults:3)
  A cyclops (D:14)
  6 manticores
  7 salamanders
  13 fauns
  14 moths of wrath
  13 black mambas
  8 naga magi
  A water nymph (Shoals:4)
  A kobold blastminer (Orc:2)
  3 orange demons
  8 guardian serpents
  11 vault sentinels
  An elephant (Lair:5)
  2 merfolk sirens (Shoals:4)
  3 cane toads
  2 kobold demonologists (D:11)
  An unseen horror (D:12)
  A tengu conjurer (Depths:1)
  A freezing wraith (Vaults:5)
  A komodo dragon (Lair:3)
  12 yaktaurs
  An ancient zyme (Abyss:2)
  2 wind drakes (Shoals:4)
  6 merfolk
  A troll (D:12)
  3 hellwings
  24 saltlings (Desolation)
  3 hornets
  10 blink frogs
  3 glass eyes
  3 snapping turtles (Shoals:4)
  A draconian simulacrum (Zot:4)
  13 slime creatures
  4 spriggans
  A wyvern (shapeshifter) (Depths:4)
  An air elemental (Elf:2)
  A culicivora (shapeshifter) (Vaults:5)
  A ynoxinul (D:1)
  2 fire elementals (Elf:1)
  16 yaks
  A basilisk (Lair:2)
  A steam dragon (Lair:1)
  8 water elementals
  A human simulacrum (Vaults:3)
  A human (shapeshifter) (D:11)
  A warg (Orc:1)
  A redback (Vaults:4)
  16 nagas
  A neqoxec (Abyss:2)
  5 vampire mosquitoes
  A white draconian simulacrum (Zot:4)
  2 small abominations (Abyss:2)
  6 water moccasins
  A black bear (shapeshifter) (D:15)
  6 orc warriors
  4 ogres
  A laughing skull (D:15)
  2 human skeletons
  5 wolves (Lair:5)
  A bullfrog (Lair:2)
  An earth elemental (Elf:2)
  An elephant simulacrum (IceCv)
  8 electric eels
  4 orc priests (Orc:2)
  An iguana (shapeshifter) (Elf:3)
  4 orc wizards
  An orc (Orc:2)
  2 training dummies (Elf:2)
  13 foxfires
811 creatures vanquished.

Vanquished Creatures (others)
  A dread lich (Vaults:5)
  A tentacled monstrosity (Zot:5)
  11 orc warlords
  4 orc high priests
  A deep elf knight (Elf:3)
  A deep troll (Depths:4)
  38 orc apostles
  A deep elf pyromancer (Elf:1)
  9 orc knights
  2 saltlings (Desolation)
  A vampire mosquito (D:12)
  16 orc warriors
  A black bear (Vaults:5)
  A boggart (D:14)
  A bullfrog (Lair:2)
  A scorpion (D:6)
  2 hounds (D:6)
  13 orc priests
  An orc wizard (D:12)
  41 orcs
  358 foxfires
  3 tentacles (Shoals:1)
508 creatures vanquished.

Grand Total: 2697 creatures vanquished

Notes
Turn   | Place    | Note
-------+----------+-------------------------------------------
     0 | D:1      | Ge0ff the Gargoyle Shapeshifter began the quest for the
                  | Orb.
     0 | D:1      | Reached XP level 1. HP: 12/12 MP: 1/1
    63 | D:1      | Reached skill level 1 in Stealth
   232 | D:1      | Reached XP level 2. HP: 16/16 MP: 2/2
   527 | D:2      | Reached XP level 3. HP: 19/21 MP: 3/3
   567 | D:2      | Noticed Natasha
   574 | D:2      | Killed Natasha
   709 | D:2      | Noticed Sigmund
   798 | D:3      | Reached XP level 4. HP: 26/26 MP: 4/4
   836 | D:3      | Reached skill level 3 in Shapeshifting
   840 | D:3      | Reached skill level 1 in Armour
   938 | D:2      | Noticed Natasha
   956 | D:2      | Killed Natasha
   957 | D:2      | Reached XP level 5. HP: 25/31 MP: 5/5
  1399 | D:2      | Killed Sigmund
  1400 | D:2      | Reached skill level 5 in Unarmed Combat
  1400 | D:2      | Reached XP level 6. HP: 23/37 MP: 6/6
  1654 | D:2      | Noticed Natasha
  1665 | D:2      | Killed Natasha
  2119 | D:3      | Found a radiant altar of Vehumet.
  2582 | D:3      | Found a radiant altar of Vehumet.
  2935 | D:4      | Reached XP level 7. HP: 34/41 MP: 7/7
  3138 | D:4      | Noticed Eustachio
  3292 | D:4      | Killed Eustachio
  3431 | D:4      | Reached XP level 8. HP: 37/48 MP: 8/8
  3502 | D:4      | Identified the +8 hand axe of Bankruptcy {freeze, Fly rPois
                  | rN+ Int+3}
  3508 | D:4      | Reached skill level 4 in Shapeshifting
  3519 | D:4      | Reached skill level 5 in Fighting
  3546 | D:4      | Found Fauk's Jewellery Shop.
  3931 | D:5      | Entered Level 5 of the Dungeon
  4186 | D:5      | Reached skill level 5 in Shapeshifting
  4226 | D:5      | Found a glowing golden altar of the Shining One.
  4243 | D:5      | Found a glowing silver altar of Zin.
  4585 | D:5      | Reached skill level 6 in Shapeshifting
  4982 | D:6      | Noticed Prince Ribbit
  5001 | D:6      | Killed Prince Ribbit
  5002 | D:6      | Reached XP level 9. HP: 34/54 MP: 9/9
  5090 | D:6      | Reached skill level 7 in Shapeshifting
  5113 | D:6      | Found a shimmering altar of Xom.
  5531 | D:6      | Reached skill level 1 in Evocations
  6487 | D:7      | Found a staircase to the Ecumenical Temple.
  6492 | Temple   | Entered the Ecumenical Temple
  6508 | D:7      | Became a worshipper of Beogh the Shepherd
  6629 | D:7      | Noticed Menkaure
  6654 | D:7      | Killed Menkaure
  6695 | D:7      | Noticed Joseph
  6715 | D:7      | Killed Joseph
  6716 | D:7      | Reached skill level 1 in Invocations
  6841 | D:7      | Reached XP level 10. HP: 63/63 MP: 11/11
  7483 | D:7      | Got the Incunable of the Singularity and the Sixfirhy
  7864 | D:8      | Reached * piety under Beogh
  8263 | D:8      | Reached skill level 8 in Shapeshifting
  8377 | D:8      | Identified the +0 chain mail of Iseusuyw {Dex+4}
  8464 | D:9      | Noticed a death yak
  8519 | D:9      | Found a staircase to the Lair.
  8822 | D:9      | Reached ** piety under Beogh
  9004 | D:8      | Killed a death yak
  9005 | D:8      | Reached skill level 10 in Unarmed Combat
  9005 | D:8      | Reached XP level 11. HP: 52/67 MP: 13/13
  9148 | D:9      | Noticed a two-headed ogre
  9154 | D:9      | Killed a two-headed ogre
  9155 | D:9      | Reached skill level 9 in Shapeshifting
  9716 | D:10     | Entered Level 10 of the Dungeon
 10189 | D:10     | Noticed a two-headed ogre
 10194 | D:10     | Killed a two-headed ogre
 10316 | D:10     | Found a staircase to the Orcish Mines.
 10436 | D:10     | Found a roughly hewn altar of Beogh.
 10776 | D:10     | Noticed a two-headed ogre
 10783 | D:10     | Killed a two-headed ogre
 11122 | D:11     | Noticed a white ugly thing
 11137 | D:11     | Noticed a two-headed ogre
 11142 | D:11     | Reached *** piety under Beogh
 11142 | D:11     | Killed a white ugly thing
 11146 | D:11     | Killed a two-headed ogre
 11179 | D:11     | Identified the +2 robe "Daas" {rF+}
 11192 | D:11     | Anointed Morguth the wizard as your apostle
 11279 | D:11     | Noticed a two-headed ogre
 11285 | D:11     | Noticed a boulder beetle
 11288 | D:11     | Found a transporter.
 11325 | D:11     | Noticed Snorg
 11334 | D:11     | Killed Snorg
 11335 | D:11     | Reached XP level 12. HP: 76/76 MP: 15/15
 11371 | D:11     | Reached skill level 5 in Invocations
 11453 | D:11     | Noticed Vorozum's ghost (journeyman CoAl)
 11474 | D:11     | Found a transporter.
 11657 | Lair:1   | Entered Level 1 of the Lair of Beasts
 11722 | Lair:1   | Noticed a boulder beetle
 11743 | Lair:1   | Killed a boulder beetle
 11849 | Lair:1   | Noticed Bogdan
 11861 | Lair:1   | Anointed Bogdan the priest as your apostle
 11894 | Lair:1   | Identified the +0 robe "Mogudom" {Regen+ Archmagi}
 11992 | Lair:1   | Reached **** piety under Beogh
 12281 | Lair:1   | Identified the +3 long sword of Niadiat {pain, rC+}
 12659 | Lair:2   | Identified the +2 robe of Impressiveness {-Tele Str+5
                  | Archmagi}
 13070 | Lair:2   | Reached skill level 10 in Shapeshifting
 13077 | Lair:2   | Noticed Gastronok
 13091 | Lair:2   | Killed Gastronok
 13092 | Lair:2   | Reached skill level 10 in Fighting
 13121 | Lair:2   | Found a staircase to the Snake Pit.
 13154 | Lair:2   | Reached skill level 5 in Evocations
 13413 | Lair:2   | Identified the +2 hand axe of Terror {holy, rElec rC+++ rN+
                  | Str-3}
 13528 | Lair:2   | Reached XP level 13. HP: 83/83 MP: 17/17
 13677 | Lair:2   | Found a staircase to the Shoals.
 13696 | Lair:2   | HP: 1/83 [merfolk/+0 trident (21)]
 13698 | Lair:2   | Reached ***** piety under Beogh
 14158 | Lair:3   | Reached skill level 5 in Dodging
 14422 | Lair:3   | Noticed Kirke
 14431 | Lair:3   | Your ally Bogdan died
 14435 | Lair:3   | Killed Kirke
 14799 | Lair:4   | Learned a level 2 spell: Blink
 14824 | Lair:4   | Noticed Nelug's ghost (journeyman OpSh)
 14826 | Lair:4   | Found a transporter.
 14893 | Lair:4   | Found a burning altar of Makhleb.
 14904 | Lair:4   | Identified the +6 mace "Muapreza" {flame, ^Fragile rPois
                  | Str+2}
 14914 | Lair:4   | Anointed Blodwig the priest as your apostle
 14990 | Lair:4   | Found a dark tunnel.
 14999 | Volcano  | Entered a volcano
 15080 | Volcano  | Reached skill level 11 in Shapeshifting
 15852 | Lair:4   | Found a staircase to the Slime Pits.
 15924 | Lair:4   | Found a transporter.
 15938 | Lair:4   | Found a bloodstained altar of Trog.
 16118 | Lair:5   | Entered Level 5 of the Lair of Beasts
 16264 | Lair:5   | Gained mutation: Your large and strong wings let you fly.
                  | [Gargoyle growth]
 16264 | Lair:5   | Reached XP level 14. HP: 77/90 MP: 16/19
 16457 | Lair:5   | Noticed Urug
 16473 | Lair:5   | Killed Urug
 16664 | Lair:5   | Reached XP level 15. HP: 99/99 MP: 20/20
 16692 | Lair:5   | Reached skill level 12 in Shapeshifting
 17347 | Lair:5   | Got Sif Muna's Handbook of the Scintillating Glacier
 17670 | Orc:1    | Entered Level 1 of the Orcish Mines
 17704 | Orc:1    | Found Vezeil's Antique Weapon Boutique.
 18160 | Orc:2    | Entered Level 2 of the Orcish Mines
 18160 | Orc:2    | Found Zing's Book Emporium.
 18167 | Orc:2    | Noticed an orc warlord
 18197 | Orc:2    | Found a staircase to the Elven Halls.
 18243 | Orc:2    | Found a frozen archway.
 18255 | IceCv    | Entered an ice cave
 18265 | IceCv    | Found a transporter.
 18286 | IceCv    | Found a transporter.
 18613 | Orc:2    | Noticed Jorgrun
 18620 | Orc:2    | Pacified an orc warlord
 18620 | Orc:2    | Killed an orc warlord
 18626 | Orc:2    | Killed Jorgrun
 18655 | Orc:2    | Anointed Marbork the warrior as your apostle
 18993 | Orc:2    | Paralysed by an orc sorcerer for 2 turns
 19219 | Orc:2    | Found Udoosigo's Antique Armour Shop.
 19220 | Orc:2    | Found Geajiet's Antique Weapon Shop.
 19223 | Orc:2    | Found Kizenox's General Store.
 19223 | Orc:2    | Found Faiby's Jewellery Boutique.
 19238 | Orc:2    | Bought a scroll of summoning for 142 gold pieces
 19238 | Orc:2    | Bought the +7 chain mail of the Blacksmith {rPois Str+4}
                  | for 886 gold pieces
 19238 | Orc:2    | Bought a potion of curing for 45 gold pieces
 19238 | Orc:2    | Bought 2 scrolls of teleportation for 90 gold pieces
 19252 | Orc:2    | Bought a pair of faintly glowing boots for 275 gold pieces
 19252 | Orc:2    | Identified the +1 pair of boots of Impatience {rPois rF+
                  | rC+ Int+3} (You bought it in a shop on level 2 of the
                  | Orcish Mines)
 19264 | Orc:2    | Bought a pair of glowing gloves for 217 gold pieces
 19275 | Orc:2    | Bought a glowing helmet for 217 gold pieces
 19276 | Orc:2    | Bought a fine scale mail for 261 gold pieces
 19276 | Orc:2    | Identified the +4 scale mail of Etacafug {Dex+4} (You
                  | bought it in a shop on level 2 of the Orcish Mines)
 19655 | D:11     | Killed Vorozum's ghost
 20229 | D:12     | Reached skill level 13 in Shapeshifting
 20285 | D:12     | Reached XP level 16. HP: 79/106 MP: 20/22
 20780 | D:12     | Found Oxopyg's Distillery.
 20788 | D:12     | Bought a potion of attraction for 48 gold pieces
 21369 | D:13     | You are sucked into a shaft and drop 1 floor!
 21953 | D:14     | Found a runed translucent door.
 22005 | D:14     | Found a runed translucent door.
 22012 | D:14     | Found a runed translucent door.
 22012 | D:14     | Found the +5 Storm Queen's Shield {shock, Fly rElec}
 22209 | D:14     | Found a runed translucent door.
 22215 | D:14     | Noticed a storm dragon
 22261 | D:14     | Found a gate to the Vaults.
 22342 | D:14     | Your ally Blodwig died
 22795 | D:15     | Entered Level 15 of the Dungeon
 23290 | D:15     | Reached skill level 1 in Shields
 23785 | D:15     | Found a staircase to the Depths.
 23995 | D:14     | Paralysed by an air elemental for 1 turns
 24000 | D:14     | Paralysed by an air elemental for 1 turns
 24013 | D:14     | Killed a storm dragon
 24063 | D:14     | Identified the +8 flail of Wamaumai {holy, rPois Str+2
                  | Dex-4 SInv}
 24072 | D:14     | Your ally Blodwig died
 24076 | D:14     | Anointed Boderik the priest as your apostle
 24409 | Lair:4   | Killed Nelug's ghost
 24521 | Snake:1  | Entered Level 1 of the Snake Pit
 24663 | Snake:1  | Upgraded the game from 0.32-a0-913-g739538afd8 to
                  | 0.32-a0-918-g0f22ef8d61
 24810 | Snake:1  | Reached XP level 17. HP: 108/112 MP: 24/24
 24990 | Snake:1  | Reached skill level 15 in Fighting
 25250 | Snake:1  | Identified the +4 trident of Uskayaw's Indignation {venom,
                  | rPois Will++ Str-2 Dex+4}
 25876 | Snake:2  | Reached skill level 10 in Invocations
 25881 | Snake:2  | Reached skill level 5 in Shields
 25991 | Snake:2  | Found a runed translucent door.
 25991 | Snake:2  | Noticed Odausch's ghost (adept DsNe)
 26048 | Snake:2  | Identified the +2 shortbow "Grim" {flame, rC+ Dex+3 SInv
                  | Stlth-}
 26225 | Snake:2  | Reached ****** piety under Beogh
 26419 | Snake:2  | Killed Odausch's ghost
 26554 | Snake:3  | Found Hippetedo's Jewellery Emporium.
 26556 | Snake:3  | Found Pestyskunav's Book Shop.
 26557 | Snake:3  | Found Gexaus's Jewellery Emporium.
 26569 | Snake:3  | Bought a ring of willpower for 275 gold pieces
 27648 | Snake:4  | Entered Level 4 of the Snake Pit
 27674 | Snake:4  | Your ally Bogdan died
 27735 | Snake:3  | Reached skill level 10 in Dodging
 27738 | Snake:3  | Identified the +1 robe "Ficy" {rPois rF+ Regen+}
 27745 | Snake:3  | Anointed Olfrun the wizard as your apostle
 28056 | Snake:4  | Reached XP level 18. HP: 119/119 MP: 25/25
 28322 | Snake:4  | Reached skill level 15 in Unarmed Combat
 28694 | Snake:4  | Your ally Olfrun died
 28698 | Snake:4  | Reached skill level 10 in Shields
 29064 | Snake:4  | Got a serpentine rune of Zot
 29248 | Shoals:1 | Entered Level 1 of the Shoals
 29248 | Shoals:1 | Found Xusomm's General Store.
 29260 | Shoals:1 | Found Bonujos's Specific Store.
 29642 | Shoals:1 | Your ally Boderik died
 30362 | Shoals:2 | Noticed Ilsuiw
 30364 | Shoals:2 | Your ally Marbork died
 30391 | Shoals:2 | Killed Ilsuiw
 30491 | Shoals:2 | Reached XP level 19. HP: 124/124 MP: 26/26
 31127 | Shoals:3 | Identified the serpent talisman of Conscience {rF+ Str+5
                  | Dex+4}
 31127 | Shoals:3 | Noticed Aizul
 31134 | Shoals:3 | Killed Aizul
 31189 | Shoals:3 | Identified the +10 dagger "Duicvium" {spect, rF+ rC- Str+3
                  | Int+2 Dex-5}
 31204 | Shoals:3 | Anointed Arbeogh the wizard as your apostle
 31464 | Shoals:3 | Noticed Polyphemus
 31475 | Shoals:3 | Your ally Arbeogh died
 31478 | Shoals:3 | Killed Polyphemus
 31489 | Shoals:3 | Reached skill level 14 in Shapeshifting
 31592 | Shoals:3 | Noticed Nikola
 31601 | Shoals:3 | Killed Nikola
 32224 | Shoals:4 | Entered Level 4 of the Shoals
 32854 | Shoals:4 | Found the +13 sword of the Doom Knight {doom -Cast ^Drain
                  | Will+}
 32903 | Shoals:4 | Noticed Donald
 32914 | Shoals:4 | Killed Donald
 32916 | Shoals:4 | Your ally Marbork died
 32997 | Shoals:4 | Got a barnacled rune of Zot
 33512 | Snake:3  | Bought the amulet "Isay" {rElec rN+ Regen+ SInv} for 786
                  | gold pieces
 33713 | Elf:1    | Entered Level 1 of the Elven Halls
 33918 | Elf:1    | Reached XP level 20. HP: 132/132 MP: 27/27
 34313 | Elf:1    | Your ally Marbork died
 34632 | Elf:2    | Found Litineosh's Firing Range.
 34656 | Elf:2    | Bought 3 curare-tipped darts for 43 gold pieces
 34736 | Elf:2    | Paralysed by an air elemental for 1 turns
 34803 | Elf:2    | Anointed Borgoth the priest as your apostle
 34923 | Elf:2    | Found a runed translucent gate.
 34923 | Elf:2    | Found a runed translucent gate.
 34923 | Elf:2    | Found a runed translucent gate.
 35134 | Elf:2    | Reached skill level 15 in Shapeshifting
 35256 | Elf:2    | Your ally Arbeogh died
 35470 | Elf:3    | Entered Level 3 of the Elven Halls
 35475 | Elf:3    | Found a runed translucent door.
 35480 | Elf:3    | Noticed Konar's ghost (veteran CoHu)
 35514 | Elf:3    | Your ally Boderik died
 35531 | Elf:3    | Found the +8 whip "Snakebite" {venom, curare, rPois}
 35566 | Elf:3    | Killed Konar's ghost
 35788 | Elf:3    | Identified the +9 falchion of Wicked True Grit {freeze,
                  | SInv Stlth+}
 35856 | Elf:3    | Your ally Borgoth died
 36812 | Elf:3    | Reached XP level 21. HP: 137/139 MP: 28/28
 36982 | Elf:3    | Identified the +7 falchion "Pan Jixku" {pain, *Corrode
                  | rElec rF+}
 36986 | Elf:3    | Identified the +2 leather armour of the Slightly Bent
                  | {rElec Int-3 Slay+4 Stlth+}
 37087 | Elf:3    | Identified the ring "Ivvamm" {rCorr Str+6 SInv}
 37091 | Abyss:2  | Cast into level 2 of the Abyss (a deep elf sorcerer)
 37217 | Elf:3    | Escaped the Abyss
 37231 | Elf:3    | Your ally Borgoth died
 37292 | Elf:3    | Your ally Arbeogh died
 37293 | Elf:3    | Your ally Boderik died
 37358 | Elf:3    | Identified the +1 dire flail "Arcanum" {flame, rC- Will+
                  | Str+5}
 37368 | Elf:3    | Anointed Ogrik the warrior as your apostle
 37541 | Elf:3    | Identified the staff "Donef" {rElec rF+ Will- Dex+4 Conj
                  | Air}
 37670 | Elf:3    | Got the Parchment of Mutual Gloom
 38111 | Vaults:1 | Entered Level 1 of the Vaults
 38112 | Vaults:1 | Noticed Saint Roka
 38128 | Vaults:1 | Found the +2 hat of the Bear Spirit {Spirit, Bear, *Rage
                  | Will++}
 38168 | Vaults:1 | Reached skill level 16 in Shapeshifting
 38208 | Vaults:1 | Found a crumbling gateway.
 38226 | Desolati | Entered the Desolation of Salt
 38584 | Desolati | Identified the +3 leather armour "Ylyxkin" {Regen+ Int+4
                  | Stlth+}
 38785 | Desolati | Identified the orb "Uleam" {guile, rElec}
 38790 | Desolati | Identified the ring of Descent {rC+ rN+ rCorr}
 38837 | Desolati | Got the Monograph on Transmogrification and the Curse
 38953 | Desolati | Got the Octavo of Loathsome Lightning
 38954 | Desolati | Identified the amulet "Voorial" {Reflect Str+5 Int+3 SH+5}
 39567 | Vaults:1 | Reached XP level 22. HP: 101/147 MP: 29/29
 39970 | Vaults:1 | Killed Saint Roka
 40143 | Vaults:2 | Your ally Boderik died
 40215 | Vaults:2 | Identified the ring of Qicumpek {rC+++ Int-3 Dex+6 SInv}
 40380 | Vaults:2 | Anointed Koronagh the wizard as your apostle
 40445 | Vaults:2 | Reached skill level 15 in Shields
 40449 | Vaults:2 | Reached skill level 17 in Shapeshifting
 40576 | Vaults:2 | Your ally Borgoth died
 40873 | Vaults:2 | Found a staircase to the Crypt.
 40985 | Vaults:2 | Your ally Ogrik died
 41036 | Vaults:2 | Identified the +6 long sword of Ragnarok {flame, ^Fragile
                  | rElec Dex+2}
 41435 | Snake:3  | Bought a manual of Fighting for 1280 gold pieces
 42438 | Vaults:3 | Found a portal to a secret trove of treasure.
 42438 | Vaults:3 | Noticed Mennas
 42460 | Vaults:3 | Killed Mennas
 42717 | Vaults:3 | Reached XP level 23. HP: 153/155 MP: 30/30
 42836 | Vaults:3 | Noticed Asterion
 42844 | Vaults:3 | Killed Asterion
 43075 | Vaults:3 | Identified the +3 robe of Kurph {Harm Str+3}
 43075 | Vaults:3 | Noticed Boris
 43084 | Vaults:3 | Killed Boris
 43284 | Vaults:3 | Found Byil's Weapon Emporium.
 43334 | Vaults:3 | Reached skill level 18 in Shapeshifting
 43619 | Vaults:3 | Noticed Zenata
 43631 | Vaults:3 | Killed Zenata
 43951 | Vaults:4 | Found Erchale's Jewellery Shoppe.
 43964 | Vaults:4 | Your ally Koronagh died
 43980 | Vaults:4 | Your ally Borgoth died
 44122 | Vaults:4 | Anointed Orbeogh the warrior as your apostle
 44579 | Vaults:4 | Found Kaathisch's Armour Shoppe.
 45197 | Depths:1 | Entered Level 1 of the Depths
 45258 | Depths:1 | Your ally Borgoth died
 45270 | Depths:1 | Your ally Ogrik died
 45503 | Depths:1 | Found a gateway to Hell.
 45508 | Depths:1 | Reached skill level 19 in Shapeshifting
 45851 | Depths:1 | Identified the +1 robe "Lawn" {Str+3}
 45917 | Depths:1 | Reached XP level 24. HP: 163/163 MP: 21/30
 46161 | Depths:1 | Found a gateway to Hell.
 46619 | Depths:2 | Found Sufiryis's Armour Boutique.
 46651 | Depths:2 | Bought the +1 cloak of Sufficient Awe {rElec rC+ Str+3
                  | Stlth+} for 673 gold pieces
 46776 | Depths:2 | Found a one-way gate leading to the halls of Pandemonium.
 46929 | Depths:2 | Paralysed by a vampire knight for 2 turns
 47042 | Depths:2 | Found a stormy altar of Qazlal.
 47421 | Depths:2 | Reached skill level 20 in Shapeshifting
 47537 | Depths:2 | Noticed Norris
 47545 | Depths:2 | Your ally Ogrik died
 47552 | Depths:2 | Killed Norris
 47802 | Depths:2 | Identified the +0 robe of Zin {Int+5 Dex+4}
 47816 | Depths:2 | Anointed Worak the wizard as your apostle
 48627 | Depths:3 | Identified the +2 robe of Wrong Decisions {rF+}
 48627 | Depths:3 | Noticed Boris
 48639 | Depths:3 | Killed Boris
 48937 | Depths:3 | Your ally Borgoth died
 49478 | Depths:4 | Entered Level 4 of the Depths
 49486 | Depths:4 | Found a corrupted altar of Lugonu.
 49486 | Depths:4 | Found a one-way gate to the infinite horrors of the Abyss.
 49520 | Depths:4 | Found a one-way gateway to a ziggurat.
 49541 | Depths:4 | Reached skill level 21 in Shapeshifting
 49584 | Depths:4 | Found a flickering gateway to a bazaar.
 49595 | Depths:4 | Found a sparkling altar of Nemelex Xobeh.
 49598 | Bazaar   | Entered a bazaar
 49628 | Bazaar   | Found Yropudoz's Armour Emporium.
 49644 | Bazaar   | Found Xif Wim's Book Emporium.
 49672 | Bazaar   | Found Ethahyv's Armour Shoppe.
 49677 | Bazaar   | Bought a +1 cloak of willpower for 132 gold pieces
 50508 | Depths:4 | Reached XP level 25. HP: 68/168 MP: 26/30
 50806 | Depths:4 | Found a gate to the Realm of Zot.
 51543 | Vaults:4 | You are sucked into a shaft and drop 1 floor!
 51543 | Vaults:5 | Entered Level 5 of the Vaults
 51580 | Vaults:5 | Noticed a dread lich
 51584 | Vaults:5 | Killed a dread lich
 51585 | Vaults:5 | Reached skill level 22 in Shapeshifting
 51596 | Vaults:5 | Identified the +5 long sword "Guphanwylap" {spect, ^Contam
                  | *Noise rC+ rN++}
 51621 | Vaults:5 | Your ally Worak died
 51694 | Vaults:5 | Noticed a dread lich
 51706 | Vaults:5 | Killed a dread lich
 51719 | Vaults:5 | Your ally Worak died
 51878 | Vaults:5 | Identified the +6 quarterstaff of the Freezing Shark {elec,
                  | rF++ rN+ Str-5 Int-3}
 51897 | Vaults:4 | Identified the +6 war axe "Uprul Cepp" {venom, *Slow rN++
                  | rCorr SInv}
 51907 | Vaults:4 | Your ally Borgoth died
 51908 | Vaults:4 | Anointed Arbeogh the warrior as your apostle
 52044 | Vaults:3 | You paid a toll of +3 shadow dragon scales to enter a
                  | treasure trove
 52045 | Trove    | Entered a treasure trove
 52079 | Trove    | Identified the amulet "Xewky" {Spirit Harm rN+ Regen+}
 52081 | Trove    | Identified the +0 plate armour of Qubamaets {^Drain Regen+
                  | Str+8 Slay-6}
 52209 | Vaults:5 | Reached skill level 23 in Shapeshifting
 52577 | Vaults:5 | Identified the +6 chain mail "Lohelapn" {Fly rCorr Int-3
                  | Stlth-}
 52652 | Vaults:5 | Identified the +2 robe of the Trilobite {rN+}
 52652 | Vaults:5 | Identified the ring "Ushromeo" {*Slow rF+ rN+ Will+ rCorr}
 52753 | Vaults:5 | Got a silver rune of Zot
 53488 | Shoals:1 | Bought a scroll of silence for 133 gold pieces
 53492 | Shoals:1 | Bought a wand of quicksilver (4) for 235 gold pieces
 53492 | Shoals:1 | Bought a potion of heal wounds for 70 gold pieces
 53658 | D:12     | Bought 2 potions of curing for 96 gold pieces
 53658 | D:12     | Bought a potion of might for 64 gold pieces
 53658 | D:12     | Bought a potion of ambrosia for 128 gold pieces
 53658 | D:12     | Bought a potion of heal wounds for 80 gold pieces
 53658 | D:12     | Bought a potion of cancellation for 128 gold pieces
 53658 | D:12     | Bought 2 potions of curing for 96 gold pieces
 53752 | Elf:2    | Bought 5 boomerangs for 120 gold pieces
 53752 | Elf:2    | Bought 6 silver javelins for 648 gold pieces
 53805 | Orc:2    | Bought a wand of mindburst (6) for 126 gold pieces
 54156 | Zot:1    | Entered Level 1 of the Realm of Zot
 54185 | Zot:1    | Reached XP level 26. HP: 174/174 MP: 30/30
 54195 | Zot:1    | Noticed a Killer Klown
 54195 | Zot:1    | Noticed a dread lich
 54201 | Zot:1    | Killed a dread lich
 54214 | Zot:1    | Noticed a Killer Klown
 54215 | Zot:1    | Killed a Killer Klown
 54218 | Zot:1    | Noticed a Killer Klown
 54225 | Zot:1    | Killed a Killer Klown
 54234 | Zot:1    | Killed a Killer Klown
 54531 | Zot:1    | Your ally Borgoth died
 54538 | Zot:1    | Your ally Orbeogh died
 54666 | Zot:1    | Reached skill level 24 in Shapeshifting
 54989 | Zot:1    | Identified the -1 cloak of the Stained God {-Tele +Inv
                  | Int+4 Dex+2}
 55775 | Zot:2    | Your ally Borgoth died
 56526 | Zot:2    | Reached skill level 25 in Shapeshifting
 56740 | Zot:2    | You are sucked into a shaft and drop 1 floor!
 56788 | Zot:3    | Your ally Borgoth died
 57146 | Zot:2    | Found a basalt altar of Yredelemnul.
 57170 | Zot:2    | Reached XP level 27. HP: 172/179 MP: 30/30
 57398 | Zot:2    | Got the Cyclopedia of Fire and Brimstone
 57407 | Zot:2    | Got the Secrets of the Zealot
 58172 | Zot:4    | Found the +4 dragonskin cloak {Aegis}
 58172 | Zot:4    | Noticed Tiamat
 58462 | Zot:3    | Noticed Grunn
 58478 | Zot:3    | Killed Grunn
 58483 | Zot:3    | Your ally Borgoth died
 59153 | Zot:4    | Noticed Vv
 59186 | Zot:4    | Killed Vv
 59317 | Zot:4    | Identified the ring "Boqiuxt" {Ice Int+3}
 59317 | Zot:4    | Noticed Josephina
 59322 | Zot:4    | Killed Josephina
 59422 | Zot:4    | Your ally Arbeogh died
 59435 | Zot:4    | Your ally Orbeogh died
 59439 | Zot:4    | HP: 4/179 [Tiamat/+3 vampiric demon trident (34)]
 59441 | Zot:4    | Killed Tiamat
 59442 | Zot:4    | Reached skill level 26 in Shapeshifting
 60415 | Zot:5    | Entered Level 5 of the Realm of Zot
 60710 | Zot:5    | Noticed an orb of fire
 60726 | Zot:5    | Your ally Arbeogh died
 60727 | Zot:5    | Killed an orb of fire
 60792 | Zot:5    | Noticed a dread lich
 60796 | Zot:5    | Noticed an ancient lich
 60798 | Zot:5    | Noticed a dread lich
 60808 | Zot:5    | Killed an ancient lich
 60811 | Zot:5    | Your ally Borgoth died
 60937 | Zot:5    | Killed a dread lich
 60938 | Zot:5    | Reached skill level 27 in Shapeshifting
 61303 | Zot:5    | Noticed an orb of fire
 61347 | Zot:5    | Killed an orb of fire
 61358 | Zot:5    | Killed a dread lich
 61571 | Zot:5    | Noticed an orb of fire
 61580 | Zot:5    | Killed an orb of fire
 61581 | Zot:5    | Noticed an orb of fire
 61582 | Zot:5    | Gained mutation: You are frail. (-10% HP) [an orb of fire]
 61584 | Zot:5    | Gained mutation: Your magical capacity is low. (-10% MP)
                  | [an orb of fire]
 61585 | Zot:5    | Your ally Orbeogh died
 61599 | Zot:5    | Killed an orb of fire
 61620 | Zot:5    | Lost mutation: Your magical capacity is low. (-10% MP)
                  | [potion of mutation]
 61620 | Zot:5    | Lost mutation: You are frail. (-10% HP) [potion of
                  | mutation]
 61620 | Zot:5    | Gained mutation: You have a pair of small horns on your
                  | head. [potion of mutation]
 61620 | Zot:5    | Gained mutation: You have sharp toenails. [potion of
                  | mutation]
 61620 | Zot:5    | Gained mutation: You have razor-sharp toenails. [potion of
                  | mutation]
 61621 | Zot:5    | Lost mutation: You have razor-sharp toenails. [potion of
                  | mutation]
 61621 | Zot:5    | Lost mutation: You have a pair of small horns on your head.
                  | [potion of mutation]
 61621 | Zot:5    | Lost mutation: You have sharp toenails. [potion of
                  | mutation]
 61621 | Zot:5    | Gained mutation: You possess an exceptional clarity of
                  | mind. [potion of mutation]
 61621 | Zot:5    | Gained mutation: Armour fits poorly on your strangely
                  | shaped body. [potion of mutation]
 61622 | Zot:5    | Lost mutation: You possess an exceptional clarity of mind.
                  | [potion of mutation]
 61622 | Zot:5    | Lost mutation: Armour fits poorly on your strangely shaped
                  | body. [potion of mutation]
 61622 | Zot:5    | Gained mutation: You passively map a small area around you.
                  | [potion of mutation]
 61622 | Zot:5    | Gained mutation: You sometimes lose your temper in combat.
                  | [potion of mutation]
 61622 | Zot:5    | Gained mutation: You have hidden genetic potential. [potion
                  | of mutation]
 61622 | Zot:5    | Gained mutation: You are covered in fur. (AC +1) [potion of
                  | mutation]
 61623 | Zot:5    | Lost mutation: You sometimes lose your temper in combat.
                  | [potion of mutation]
 61623 | Zot:5    | Lost mutation: You passively map a small area around you.
                  | [potion of mutation]
 61623 | Zot:5    | Lost mutation: You have hidden genetic potential. [potion
                  | of mutation]
 61623 | Zot:5    | Gained mutation: You have sharp toenails. [potion of
                  | mutation]
 61623 | Zot:5    | Gained mutation: You are partially covered in iridescent
                  | scales. (AC +2) [potion of mutation]
 61905 | Zot:5    | Noticed an orb of fire
 62185 | Zot:5    | Noticed an orb of fire
 62201 | Zot:5    | Gained mutation: You are weak. (Str -2) [an orb of fire]
 62208 | Zot:5    | Killed an orb of fire
 62221 | Zot:5    | Gained mutation: You are clumsy. (Dex -2) [an orb of fire]
 62225 | Zot:5    | Killed an orb of fire
 62339 | Zot:5    | Noticed an orb of fire
 62759 | Zot:5    | Noticed an orb of fire
 62775 | Zot:5    | Killed an orb of fire
 62776 | Zot:5    | Reached skill level 5 in Stealth
 62777 | Zot:5    | Noticed an ancient lich
 62781 | Zot:5    | Killed an ancient lich
 62873 | Zot:5    | Killed an orb of fire
 62876 | Zot:5    | Reached skill level 10 in Evocations
 63090 | Zot:5    | Noticed an orb of fire
 63180 | Zot:5    | Gained mutation: You possess an exceptional clarity of
                  | mind. [an orb of fire]
 63185 | Zot:5    | Gained mutation: You have razor-sharp toenails. [an orb of
                  | fire]
 63194 | Zot:5    | Killed an orb of fire
 63372 | Zot:5    | Got the Orb of Zot
 63900 | D:6      | Your ally Borgoth died
 63957 | D:5      | Noticed Ybbourph the pandemonium lord
 64112 | D:1      | Noticed Itzuhust the pandemonium lord
 64121 | D:$      | Escaped with the Orb!

Illustrated notes

Levels and vault maps discovered:
D:1:      ncdulo_lavacross, layout_rooms
D:2:      layout_basic, uniq_natasha, uniq_sigmund
D:3:      layout_loops_ring, old_standard_altar, st_stairs_4,
          minmay_misc_feat_secret_circle
D:4:      layout_basic, serial_shops, shop_coins, uniq_eustachio
D:5:      minmay_general_purpose_star, layout_loops_ring,
          mainiacjoe_overflow_large_starburst
D:6:      layout_loops_ring, xom_confusion_cloud, uniq_prince_ribbit1
D:7:      layout_basic, temple_doors_e, fountainhead, uniq_joseph, uniq_menkaure
D:8:      layout_basic, nicolae_titane
D:9:      layout_irregular_city, dpeg_lair_monsters, chequers_jeans
D:10:     layout_cave_pods, minmay_orc_entry_temple_small
D:11:     layout_roguey [special_room_bee], nzn_ghost_randoct, library_closet,
          uniq_snorg
D:12:     layout_basic, serial_shops, shop, minmay_starry_boxes
D:13:     layout_rooms, grunt_ministairs_8, nicolae_eternal_life,
          chequers_serial_rivers_small_b
D:14:     layout_stronghold, david_vaults_4, dreamdust_princess_bridge,
          nicolae_guarded_unrand_storm_shield
D:15:     gammafunk_enter_depths_forms, layout_long_grid,
          chequers_serial_rivers_small_b
Temple:   mainiacjoe_temple_coin_purse
Lair:1:   layout_gridlike
Lair:2:   layout_regular_city, mainiacjoe_shoals_entry_four_pools,
          minmay_snake_entry_guardpost_small, minmay_hedge_maze, uniq_gastronok
Lair:3:   layout_chaotic_city, uniq_kirke
Lair:4:   layout_hall_layers, dpeg_slime_entry_enclosed,
          nicolae_volcano_entry_vermiform, gammafunk_ghost_wrathful_warriors,
          basic_altar, grunt_megastairs_3, serial_bayou_shore_b
Lair:5:   evilmike_catoblepas_cave, layout_regular_city, uniq_urug
Shoals:1: layout_shoals, nicolae_specific_store
Shoals:2: layout_shoals, uniq_ilsuiw
Shoals:3: layout_shoals, yaktaur_hedge, nicolae_shoals_former_cling_halls,
          uniq_polyphemus, uniq_nikola, uniq_aizul
Shoals:4: shoals_end_grunt_garden, layout_shoals, uniq_donald
Snake:1:  layout_grid_maze, serial_bayou_lake_a
Snake:2:  layout_grid_maze, hellmonk_ghost_happy_afterlife, special_room,
          st_stairs_14, nicolae_letterblocks [nicolae_letter_subblock,
          nicolae_letter_subblock, nicolae_letter_subblock,
          nicolae_letter_subblock, nicolae_letter_subblock,
          nicolae_letter_subblock, nicolae_letter_subblock,
          nicolae_letter_subblock, nicolae_letter_subblock,
          nicolae_letter_subblock, nicolae_letter_subblock,
          nicolae_letter_subblock, nicolae_letter_subblock,
          nicolae_letter_subblock, nicolae_letter_subblock,
          nicolae_letter_subblock, nicolae_letter_subblock,
          nicolae_letter_subblock, nicolae_letter_subblock,
          nicolae_letter_subblock, nicolae_letter_subblock,
          nicolae_letter_subblock, nicolae_letter_subblock,
          nicolae_letter_subblock, nicolae_letter_subblock]
Snake:3:  minmay_snake_river, layout_grid_maze, serial_bayou_shore_a,
          grunt_megastairs_4, minmay_shop_grove, serial_bayou_shore_b,
          lemuel_fruit_tree
Snake:4:  snake_pit_salamanders_mu, layout_misc_corridors
Orc:1:    layout_caves, serial_shops,
          nicolae_shop_temple_entry_statues_fountains
Orc:2:    st_orc_congregation, layout_caves, serial_shops, shop,
          portal_ice_cave_entry_pillars_2, minmay_orc_keep, uniq_jorgrun
Elf:1:    layout_geoelf_diagonals, kb_rosetta
Elf:2:    nicolae_elf_blades_crystal_corner, layout_gridlike,
          nicolae_shop_firing_range
Elf:3:    nooodl_elf_gasket, layout_onion_city, ebering_ghost_reflecting_pool
Vaults:1: portal_desolation_entry_twin_temple, nicolae_vaults_angled_halls,
          vaults_standard_mumra_enter_the_diamond,
          nicolae_vaults_security_offices_5, hangedman_vaults_nails,
          ontoclasm_vaults_ligature, nicolae_vaults_network_quinsquares
          [nicolae_vaults_network_quincunx_subvault,
          nicolae_vaults_network_quincunx_subvault,
          nicolae_vaults_network_quincunx_subvault,
          nicolae_vaults_network_quincunx_subvault], v_rooms_2, v_pattern_3,
          vaults_room_pools, nicolae_vaults_theta, layout_vaults_big_room,
          uniq_saint_roka
Vaults:2: nicolae_vaults_back_hallway, minmay_crypt_entry_nasty_monster,
          vaults_room_corners, hangedman_vaults_capsules, v_rooms_3,
          ontoclasm_vaults_pinch, nicolae_vaults_stairing_the_circle,
          nicolae_vaults_corridor_and_loot_room, hangedman_vaults_trim,
          nicolae_vaults_big_angled_halls, nicolae_vaults_angled_halls,
          v_misc_19, hangedman_vaults_stitches, ontoclasm_vaults_claustrophobia,
          nicolae_vaults_oval_intersection, grunt_vaults_hallway_short,
          layout_vaults_omnibox
Vaults:3: nicolae_vaults_stepped_doors, nicolae_vaults_turnstiles,
          grunt_vaults_funnel, nicolae_vaults_mini_display_case,
          v_alt_pattern_5, v_pattern_2, nicolae_vaults_trapezoid_3,
          nicolae_vaults_trapezoid_layered, nicolae_vaults_tetromino_T_1,
          layout_vaults_quadrants, serial_shops, nicolae_shop_waterfront,
          nicolae_trove_entry_columns, uniq_boris, uniq_asterion, uniq_mennas,
          uniq_zenata
Vaults:4: regret_index_early_branch_jog, nicolae_vaults_variable_pillar_hall,
          vaults_dpeg_encased_lava, nicolae_vaults_taking_the_gang_shopping,
          nicolae_vaults_mitosis, vaults_standard_mumra_enter_the_diamond,
          nicolae_vaults_windows_and_doors_thing, grunt_vaults_focal,
          layout_vaults_maze_bifur
Vaults:5
Depths:1: minmay_expanding_squares, layout_cave_pools, serial_glass,
          glass_columns_a, glass_columns_b, glass_columns_a, glass_columns_a,
          glass_columns_b, glass_columns_a, glass_columns_a, glass_columns_b,
          glass_columns_a, glass_columns_a, glass_columns_a, glass_columns_a,
          glass_columns_a, glass_columns_c, grunt_mini_vestibule,
          dk_noncrumbling_2
Depths:2: minmay_quantized_circle, layout_gridlike, grunt_pan_entry_zigzag,
          serial_shops, nicolae_shop_peninsula, hangedman_tar_grid_catacomb,
          nicolae_qazlal_style_of_elements, infiniplex_staircase_door_maze,
          uniq_norris
Depths:3: kennysheep_spiral_hall, layout_twisted_cross, bh_walls_and_bars,
          abyss_entry, hell_entry, infiniplex_staircase_zigzag_3
Depths:4: grunt_zot_entry_bicorn, layout_cave_pools, enter_ziggurat_b,
          abyss_entry_flame_altar, pf_coc_iceberg, serial_shops,
          bzr_entry_islet, nemelex_xobeh_ov_fountains_minmay
Zot:1:    ebering_klown_carousel, layout_gridlike, regret_index_zotdec_iron_s
Zot:2:    nicolae_zot_draconian_monastery, layout_concentric_octagons,
          regret_index_zotdec_fiery_em, zot_minivault_1
Zot:3:    layout_gridlike, nicolae_zot_crop_circle, uniq_grunn
Zot:4:    layout_twisted_circle, uniq_josephina, uniq_vv, uniq_tiamat
Zot:5:    layout_gridlike

Skill      XL: |  1  2  3  4  5  6  7  8  9 10 11 12 13 14 15 16 17 18 19 20 21 22 23 24 25 26 27 |
---------------+----------------------------------------------------------------------------------+-----
Stealth        | 1 7 |  7.2
Fighting       | 2 3 4 5 7 9 10 11 13 14 15 16 17 18 19 20 21 | 21.6
Shapeshifting  | 3 6 7 8 9 10 11 13 14 15 16 17 19 21 23 25 27 | 27.0
Armour         | 1 |  1.0
Unarmed Combat | 4 5 6 7 10 11 12 13 14 15 16 17 18 20 | 20.0
Evocations     | 3 4 5 7 9 10 | 10.5
Dodging        | 2 3 4 5 6 7 8 10 11 12 | 12.9
Invocations    | 1 3 4 6 7 8 9 10 13 | 13.4
Shields        | 4 8 11 12 13 14 15 | 15.0

Action                     |  1- 3 |  4- 6 |  7- 9 | 10-12 | 13-15 | 16-18 | 19-21 | 22-24 | 25-27 || total
---------------------------+-------+-------+-------+-------+-------+-------+-------+-------+-------++-------
  Melee: Unarmed           |    60 |   133 |   306 |   543 |   536 |   846 |   781 |   937 |  1059 ||  5201
         Punch             |     1 |     4 |     3 |       |     9 |    24 |       |       |     6 ||    47
         Maw               |       |       |       |       |    49 |   315 |   262 |   384 |   395 ||  1405
         Tailslap          |       |       |       |       |       |       |       |       |     9 ||     9
         Bite              |       |       |       |       |       |       |       |       |     8 ||     8
  Throw: Stone             |       |     2 |    11 |       |       |       |       |       |       ||    13
         Javelin           |       |       |     2 |       |       |       |       |       |       ||     2
         Boomerang         |       |       |       |       |     1 |    30 |    47 |    35 |    54 ||   167
         Throwing net      |       |       |       |       |       |       |       |     2 |    10 ||    12
 Invoke: Convert to Beogh  |       |       |     1 |       |       |       |       |       |       ||     1
         Recruit Apostle   |       |       |       |     2 |     2 |     2 |     3 |     3 |     1 ||    13
         Recall Apostles   |       |       |       |     1 |    11 |    16 |     7 |    15 |    29 ||    79
         Smiting           |       |       |       |       |    25 |     2 |    31 |    26 |    43 ||   127
         Dismiss Apostle   |       |       |       |       |     1 |     2 |     3 |     3 |     1 ||    10
         Blood for Blood   |       |       |       |       |       |       |     2 |       |     4 ||     6
Ability: Begin Untransform |     2 |     1 |     1 |     1 |     1 |       |     2 |       |       ||     8
         Breathe Fire      |       |       |       |       |       |       |       |       |     1 ||     1
  Evoke: Wand              |       |       |     3 |    29 |       |     9 |    16 |    13 |    47 ||   117
         Lightning rod     |       |       |       |       |       |     7 |     9 |    15 |    18 ||    49
         Phantom mirror    |       |       |       |       |       |     1 |     2 |     3 |     6 ||    12
         Phial of floods   |       |       |       |       |       |       |     3 |     4 |     2 ||     9
         Box of beasts     |       |       |       |       |       |       |     1 |     2 |     4 ||     7
         Tin of tremorston |       |       |       |       |       |       |       |     3 |     4 ||     7
    Use: Scroll            |       |     2 |     4 |    14 |    13 |     3 |     5 |     8 |    25 ||    74
         Potion            |       |     1 |       |       |    11 |     2 |     6 |     5 |    29 ||    54
   Stab: Sleeping          |     2 |       |       |       |       |       |       |       |     1 ||     3
         Paralysed         |       |       |       |    10 |       |       |     2 |     5 |    26 ||    43
         Distracted        |       |       |       |     2 |    12 |     9 |    16 |    12 |    13 ||    64
         Invisible         |       |       |       |       |     1 |       |       |       |       ||     1
         Held in net/web   |       |       |       |       |       |       |       |     1 |     6 ||     7
 Armour: Animal skin       |    18 |       |       |       |       |       |       |       |       ||    18
         Chain mail        |     9 |   117 |   188 |       |     6 |       |       |       |       ||   320
         Skin              |       |     1 |    48 |   280 |   348 |   621 |   453 |   523 |   807 ||  3081
  Dodge: Dodged            |    32 |    39 |   141 |   375 |   343 |   469 |   351 |   284 |   307 ||  2341
  Block: Kite shield       |       |       |       |       |       |   483 |   593 |   671 |   565 ||  2312
   Form: Beast             |     2 |     1 |       |       |       |       |       |       |       ||     3
         Flux              |       |       |     1 |     1 |     1 |       |       |       |       ||     3
         Maw               |       |       |       |       |     1 |       |     3 |       |     2 ||     6
         Serpent           |       |       |       |       |     1 |       |     1 |       |       ||     2
         Dragon            |       |       |       |       |       |       |     1 |       |     2 ||     3

Table legend: (Time is in decaauts)
 A = Elapsed time spent in this place.
 B = Non-inter-level travel time spent in this place.
 C = Inter-level travel time spent in this place.
 D = Time resting spent in this place.
 E = Time spent auto-exploring this place.
 F = Levels seen in this place.
 G = Mean time per level.
                   A        B        C        D        E       F      G
               +--------+--------+--------+--------+--------+-----+--------+
         Total |  63043 |  55728 |   7315 |   6687 |  30489 |  54 | 1167.5 |
       Dungeon |  17953 |  15306 |   2647 |   1071 |  10239 |  15 | 1196.9 |
        Temple |      1 |      1 |      0 |      0 |      0 |   1 |    1.0 |
          Lair |   5981 |   5098 |    883 |    511 |   3279 |   5 | 1196.2 |
        Shoals |   4101 |   3897 |    204 |    349 |   1917 |   4 | 1025.2 |
     Snake Pit |   4918 |   4233 |    685 |    301 |   2177 |   4 | 1229.5 |
  Orcish Mines |   1872 |   1588 |    284 |      0 |   1037 |   2 |  936.0 |
   Elven Halls |   4090 |   3837 |    253 |    524 |   1776 |   3 | 1363.3 |
        Vaults |   7377 |   6470 |    907 |    335 |   3688 |   5 | 1475.4 |
        Depths |   6043 |   5123 |    920 |    632 |   3032 |   4 | 1510.8 |
           Zot |   8972 |   8444 |    528 |   2682 |   3006 |   5 | 1794.4 |
         Abyss |    121 |    121 |      0 |     22 |      0 |   1 |  121.0 |
        Bazaar |    107 |    107 |      0 |      0 |     86 |   1 |  107.0 |
         Trove |     56 |     56 |      0 |      0 |      5 |   1 |   56.0 |
      Ice Cave |    177 |    177 |      0 |      0 |    105 |   1 |  177.0 |
       Volcano |    511 |    511 |      0 |    212 |     16 |   1 |  511.0 |
    Desolation |    754 |    754 |      0 |     46 |    124 |   1 |  754.0 |
               +--------+--------+--------+--------+--------+-----+--------+

Top non-repeatable levels by time:
   Zot:5: 2892 daAuts
   Elf:3: 2297 daAuts
Depths:2: 2088 daAuts
   Zot:2: 1872 daAuts
Vaults:3: 1771 daAuts
     D:3: 1682 daAuts
    D:14: 1663 daAuts
Vaults:2: 1610 daAuts
   Zot:1: 1556 daAuts
     D:6: 1514 daAuts
  Lair:2: 1468 daAuts
    D:12: 1451 daAuts
Depths:1: 1438 daAuts
 Snake:4: 1423 daAuts
 Snake:3: 1416 daAuts
